Map: Neon Violet Square LE

Players

Dauntless - Winner!

  • Race: Protoss Protoss
  • Spawn Location: 11:00

BootyClap

  • Race: Terran Terran
  • League: Diamond
  • Spawn Location: 5:00

VOD

Have the link to the VOD?

Description

Time

  • Played on: March 23, 2018, 11:19 p.m.
  • Length: 4:10
Show
View Real Time Build Order
Export as new Build Order

Dauntless Protoss - Winner!

Build Orders: Nexus First 

Get SALT Encoding   

  12  0:01  Probe  
  13  0:15  Probe  
  14  0:27  Pylon  
  14  0:30  Probe  
  15  1:00  Nexus  
  15  1:09  Gateway  
  14  1:21  Gateway  
  14  1:23  Probe  
  15  1:35  Probe  
  16  1:47  Probe  
  17  1:56  Zealot (Chrono Boost)  
  17  1:58  Probe  
  20  2:06  Probe  
  20  2:09  Pylon, Zealot (Chrono Boost)  
  20  2:14  Probe  
  23  2:20  Zealot (Chrono Boost)  
  26  2:34  Zealot  
  28  2:42  Probe  
  28  2:44  Zealot  
  30  2:54  Probe  
  30  3:01  Zealot  
  32  3:06  Probe  
  32  3:12  Zealot  
  36  3:22  Probe x2 (Chrono Boost)  
  37  3:28  Zealot  
  37  3:32  Probe (Chrono Boost)  
  41  3:34  Probe (Chrono Boost)  
  41  3:37  Probe (Chrono Boost)  
  42  3:43  Probe  
  44  3:48  Probe  
Show
View Real Time Build Order
Export as new Build Order

BootyClap Terran 

Build Orders:  

Get SALT Encoding   

  12  0:00  SCV  
  13  0:12  SCV  
  14  0:19  Supply Depot  
  14  0:25  SCV  
  15  0:40  SCV  
  15  0:42  Barracks  
  16  0:45  Refinery  
  16  0:52  SCV  
  17  1:05  SCV  
  18  1:17  SCV  
  20  1:33  Reaper  
  20  1:35  Orbital Command  
  20  1:41  Bunker  
  20  2:00  Command Center  
  20  2:03  SCV  
  21  2:20  Factory  
  21  2:28  Marine  
  22  2:34  Supply Depot  
  22  2:36  SCV  
  23  2:53  SCV  
  23  2:58  Refinery  
  23  3:04  Bunker  
  26  3:06  SCV  
  26  3:07  Barracks Reactor  
  27  3:18  Orbital Command, SCV  
Tags
 
Add a new tag
Caveats
  • Supply blocks, unpowered buildings, or Contaminate may cause inaccurate times.
  • Supply counts are checked every 10 seconds.